 Dungeon Crawl Stone Soup version 0.24.0-13-gcf9b319 (webtiles) character file.

Game seed: 6012130817981145197, levelgen mode: deterministic

124 CBukowski the Conjurer (level 4, 0/34 HPs)
             Began as a Draconian Conjurer on Nov 12, 2019.
             Succumbed to a worker ant's poison
             ... on level 4 of the Dungeon.
             The game lasted 00:15:42 (3351 turns).

CBukowski the Conjurer (Draconian Conjurer)         Turns: 3351, Time: 00:15:43

Health: 0/34       AC:  5    Str: 10    XL:     4   Next: 81%
Magic:  3/7        EV: 12    Int: 16    God:
Gold:   124        SH:  5    Dex: 12    Spells: 4/7 levels left

rFire    . . .     SeeInvis .   (no weapon)
rCold    . . .     Gourm    .   (no shield)
rNeg     . . .     Faith    .   (armour unavailable)
rPois    .         Spirit   .   (helmet restricted)
rElec    .         Reflect  +   (no cloak)
rCorr    .         Harm     .   (no gloves)
MR       .....                  (no boots)
Stlth    ++........             i - +5 amulet of reflection
HPRegen  0.11/turn              (no ring)
MPRegen  0.10/turn              (no ring)

@: lethally poisoned (0 -> -2)
A: unfitting armour, cold-blooded, AC +5
a: no special abilities


You were on level 4 of the Dungeon.
You were not hungry.

You visited 1 branch of the dungeon, and saw 4 of its levels.

You collected 124 gold pieces.

Inventory:

Jewellery
 i - a +5 amulet of reflection (around neck)
 j - an uncursed amulet of harm {unknown}
 m - a cursed amulet of harm {unknown}
Wands
 o - a wand of scattershot (4)
Scrolls
 a - 4 scrolls of identify
 e - 3 scrolls of remove curse
 g - a scroll of teleportation {unknown}
 h - a scroll of immolation {unknown}
 n - a scroll of enchant weapon {unknown}
 q - a scroll of magic mapping {unknown}
Potions
 c - 2 potions of haste
 d - a potion of might {unknown}
 f - a potion of curing {unknown}
 k - a potion of invisibility {unknown}
 l - a potion of flight {unknown}
 p - a potion of brilliance {unknown}
Comestibles
 b - 4 rations
 r - 2 chunks of flesh


   Skills:
 - Level 0.3 Fighting
 - Level 2.0 Dodging
 - Level 1.9 Stealth
 - Level 0.9 Unarmed Combat
 - Level 2.2 Spellcasting
 * Level 5.7 Conjurations


You had 4 spell levels left.
You knew the following spells:

 Your Spells              Type           Power        Failure   Level  Hunger
a - Magic Dart            Conj           ###.         1%          1    #......
b - Searing Ray           Conj           ###...       2%          2    ###....

Your spell library contained the following spells:

 Spells                   Type           Power        Failure   Level  Hunger
 Dazzling Spray           Conj/Hex       ##....       19%         3    ###....
 Iskenderun's Mystic Bla  Conj           ###.....     19%         4    #####..
 Force Lance              Conj/Tloc      ##......     52%         4    #####..
 Fulminant Prism          Conj/Hex       ##........   52%         4    #####..


Dungeon Overview and Level Annotations

Branches:
Dungeon (4/15)
 Temple: D:4-7

Altars:
Fedhas


Innate Abilities, Weirdness & Mutations

Your plain brown scales are hard. (AC +5)
You cannot fit into any form of body armour.
You are cold-blooded and may be slowed by cold attacks.


Message History

* * * LOW HITPOINT WARNING * * *
You feel sick.
* * * LOW HITPOINT WARNING * * *
You feel sick.
You see here 8 gold pieces.
* * * LOW HITPOINT WARNING * * *
You feel sick.
* * * LOW HITPOINT WARNING * * *
You feel sick.
* * * LOW HITPOINT WARNING * * *
You feel sick.
* * * LOW HITPOINT WARNING * * *
You feel sick.
* * * LOW HITPOINT WARNING * * *
You feel sick.
* * * LOW HITPOINT WARNING * * *
You feel sick.
* * * LOW HITPOINT WARNING * * *
You feel sick.
You die...

#... #... #..# ..
#..# .. #... .#
#..# ..###
#..####+####.....
#.$##....<.......
+....@...........
#................
#..##....รท##....#
#####.....# ....#
#.....# ...#
#.....# ..#
###...# ..# #####


There were no monsters in sight!

Vanquished Creatures
  A hound (D:3)
  A worker ant (D:4)
  3 adders (D:2)
  An ooze (D:3)
  2 worms
  3 leopard geckos
  2 giant cockroaches
  4 hobgoblins
  4 bats
  2 frilled lizards
  5 goblins
  4 kobolds
  4 rats
36 creatures vanquished.

Notes
Turn   | Place    | Note
-------+----------+-------------------------------------------
     0 | D:1      | CBukowski the Draconian Conjurer began the quest for the
                  | Orb.
     0 | D:1      | Reached XP level 1. HP: 14/14 MP: 3/3
  1040 | D:1      | Reached XP level 2. HP: 20/20 MP: 1/5
  1519 | D:2      | Reached XP level 3. HP: 3/26 MP: 1/6
  1972 | D:2      | Found a blossoming altar of Fedhas.
  2579 | D:3      | Learned a level 2 spell: Searing Ray
  2674 | D:3      | Reached skill level 5 in Conjurations
  2934 | D:3      | Reached XP level 4. HP: 19/34 MP: 1/7
  3347 | D:4      | HP: 1/34 [poisoned by a worker ant]
  3351 | D:4      | Succumbed to a worker ant's poison

Levels and vault maps discovered:
D:1:      lemuel_arrival_behind_the_door_large, layout_loops_ring,
          minmay_misc_feat_five
D:2:      layout_rooms, first_ration, fedhas_altar_2
D:3:      layout_loops_ring, minmay_misc_feat_doors
D:4:      layout_gridville, tgw_trog, uniq_pikel, uniq_sigmund, uniq_edmund,
          uniq_blork_the_orc

Skill      XL: |  1  2  3 |
---------------+----------+-----
Dodging        | 2 |  2.0
Conjurations   | 5 |  5.7
Fighting       | |  0.3
Stealth        | |  1.9
Unarmed Combat | |  0.9
Spellcasting   | |  2.2

Action                   |  1- 3 |  4- 6 || total
-------------------------+-------+-------++-------
Melee: Unarmed           |   110 |     4 ||   114
       Tailslap          |    15 |     1 ||    16
 Cast: Magic Dart        |    57 |    10 ||    67
  Use: Scroll            |     1 |     1 ||     2
 Stab: Sleeping          |     2 |       ||     2
  Eat: Ration            |     2 |     1 ||     3
       Chunk             |     1 |       ||     1
Armor: Skin              |    43 |       ||    43
Dodge: Dodged            |    88 |     4 ||    92
Block: Other             |     6 |     2 ||     8
